[Event "ICCopen2017"]
[Site "Internet Chess Club"]
[Date "2017.03.25"]
[Round "10"]
[White "Barbos"]
[Black "Buscapina"]
[Result "0-1"]
[ICCResult "White resigns"]
[WhiteElo "2406"]
[BlackElo "2168"]
[Opening "QGD: 4.Nf3"]
[ECO "D37"]
[NIC "QO.17"]
[Time "15:58:45"]
[TimeControl "180+0"]

1. d4 e6 2. c4 d5 3. Nf3 Nf6 4. Nc3 Nbd7 5. g3 dxc4 6. Bg2 Be7 7. O-O O-O 8.
e4 Rb8 9. a4 a6 10. e5 Nd5 11. Nd2 Nxc3 12. bxc3 b5 13. axb5 axb5 14. Ra7 c5
15. Ne4 cxd4 16. cxd4 Qb6 17. Ra1 b4 18. Be3 Qb5 19. Qg4 f5 20. exf6 Nxf6
21. Nxf6+ Bxf6 22. Qe4 b3 23. Bd2 b2 24. Rab1 Qb3 25. Qe3 Qxe3 26. fxe3 Rb3
27. Be4 c3 28. Bc2 Ra3 29. Be1 Ba6 30. Rf2 Rc8 31. g4 Bc4 32. Bxc3 Rxc3 33.
Rxb2 Rxe3 34. Rb7 Re1+ 35. Kg2 Bd5+ 36. Kh3 Bxb7 {White resigns} 0-1

[Event "ICCopen2017"]
[Site "Internet Chess Club"]
[Date "2017.03.25"]
[Round "10"]
[White "CristianS"]
[Black "MysteryRook"]
[Result "1-0"]
[ICCResult "Black checkmated"]
[WhiteElo "2109"]
[BlackElo "1769"]
[Opening "Queen's pawn game"]
[ECO "A46"]
[NIC "QP.06"]
[Time "15:59:04"]
[TimeControl "180+0"]

1. d4 Nf6 2. Nf3 c5 3. e3 b6 4. Bd3 Bb7 5. Nbd2 d5 6. O-O e6 7. Re1 Ne4 8.
c4 Be7 9. Qc2 f5 10. b3 O-O 11. Ne5 Nd7 12. Ndf3 Bf6 13. Bb2 Qe8 14. cxd5
exd5 15. Bb5 Bc8 16. Bc6 Rb8 17. Nxd7 Bxd7 18. Bxd5+ Kh8 19. Ne5 Be6 20.
Bxe4 fxe4 21. Qxe4 Bxe5 22. Qxe5 Rf5 23. Qg3 Bf7 24. Rac1 c4 25. bxc4 Rd8
26. d5 Rd6 27. Qxg7# {Black checkmated} 1-0

[Event "ICCopen2017"]
[Site "Internet Chess Club"]
[Date "2017.03.25"]
[Round "10"]
[White "weakfish"]
[Black "chesslive"]
[Result "1-0"]
[ICCResult "Black forfeits on time"]
[WhiteElo "1273"]
[BlackElo "1066"]
[Opening "Ruy Lopez: old Steinitz defense"]
[ECO "C62"]
[NIC "RL.02"]
[Time "15:58:32"]
[TimeControl "180+0"]

1. e4 e5 2. Nf3 Nc6 3. Bb5 d6 4. h3 Bd7 5. Nc3 Nf6 6. O-O Be7 7. d3 O-O 8.
Bg5 Nb8 9. Bc4 c5 10. Bxf6 Bxf6 11. Nd5 Be6 12. Nxf6+ Qxf6 13. Bxe6 Qxe6 14.
Qd2 Nd7 15. a3 Nf6 16. Ng5 Qe7 17. f4 h6 18. fxe5 Qxe5 19. Nf3 Nh5 20. Nxe5
dxe5 21. Rf5 Nf4 22. Rxe5 Ng6 23. Rxc5 b6 24. Rc7 b5 25. Rb7 a6 26. Rf1 a5
27. Rxb5 a4 28. Ra5 Rab8 29. c3 Rb7 30. Rxa4 Rb5 31. c4 Rb7 32. b4 Rfb8 33.
d4 Ne7 34. Qf4 {Black forfeits on time} 1-0

[Event "ICCopen2017"]
[Site "Internet Chess Club"]
[Date "2017.03.25"]
[Round "10"]
[White "Falstaf"]
[Black "Palse"]
[Result "0-1"]
[ICCResult "White checkmated"]
[WhiteElo "2816"]
[BlackElo "2283"]
[Opening "Sicilian: Canal-Sokolsky (Nimzovich-Rossolimo, Moscow) attack"]
[ECO "B51"]
[NIC "SI.01"]
[Time "15:58:41"]
[TimeControl "180+0"]

1. e4 c5 2. Nf3 d6 3. Bb5+ Nd7 4. c3 Nf6 5. Bd3 a6 6. O-O b5 7. Bc2 Bb7 8.
Re1 e5 9. a4 Be7 10. Na3 O-O 11. d3 Bc6 12. Bg5 Qb6 13. Qc1 Rfe8 14. h3 Bf8
15. Be3 Qb7 16. axb5 axb5 17. Bb3 d5 18. exd5 Bxd5 19. Bxd5 Nxd5 20. Bd2 Nc7
21. Qc2 Rad8 22. Qb3 Qc6 23. Ng5 Re7 24. Ne4 h6 25. Be3 Kh8 26. Ng3 g6 27.
Rad1 Rde8 28. Bc1 Bg7 29. Re2 Nb6 30. Rde1 f5 31. h4 c4 32. dxc4 bxc4 33.
Qc2 h5 34. Bg5 Re6 35. Nf1 Ncd5 36. Qc1 Kh7 37. Rd1 Nf6 38. f3 e4 39. f4
Nfd5 40. Nc2 Qc5+ 41. Kh1 e3 42. Rde1 Re4 43. g3 Qc6 44. Kh2 Qe6 45. Qa1 Nd7
46. Qa7 Kh8 47. Nfxe3 N7f6 48. Bxf6 Nxf6 49. Kg2 Qc6 50. Kf1 R4e6 51. Nd4
Qh1+ 52. Kf2 Ne4# {White checkmated} 0-1

[Event "ICCopen2017"]
[Site "Internet Chess Club"]
[Date "2017.03.25"]
[Round "10"]
[White "fiume"]
[Black "herbyeddy"]
[Result "1-0"]
[ICCResult "Black resigns"]
[WhiteElo "1873"]
[BlackElo "1509"]
[Opening "Scandinavian: Pytel-Wade variation"]
[ECO "B01"]
[NIC "SD.02"]
[Time "15:59:50"]
[TimeControl "180+0"]

1. e4 d5 2. exd5 Qxd5 3. Nc3 Qd6 4. d4 Nf6 5. Bc4 Bf5 6. Nge2 c6 7. O-O e6
8. Ng3 Bg6 9. f4 Be7 10. f5 exf5 11. Bf4 Qd7 12. Be5 O-O 13. Qf3 Na6 14.
Rad1 Rad8 15. h4 h6 16. h5 Bh7 17. Nxf5 Bxf5 18. Qxf5 Qxf5 19. Rxf5 Nb4 20.
Bb3 Nbd5 21. Nxd5 Nxd5 22. Rdf1 Ne3 23. Rxf7 Rxf7 24. Rxf7 Bf8 25. Rd7+
{Black resigns}
1-0

[Event "ICCopen2017"]
[Site "Internet Chess Club"]
[Date "2017.03.25"]
[Round "10"]
[White "jasrom"]
[Black "fisek2007"]
[Result "1-0"]
[ICCResult "Black disconnected and forfeits"]
[WhiteElo "2018"]
[BlackElo "2281"]
[Opening "Ruy Lopez: exchange variation, Alapin gambit"]
[ECO "C68"]
[NIC "RL.08"]
[Time "15:59:50"]
[TimeControl "180+0"]

1. e4 e5 2. Nf3 Nc6 3. Bb5 a6 4. Bxc6 dxc6 5. O-O Bg4 6. h3 h5 7. d3 Qf6 8.
Nbd2 g5 9. b3 Bd6 10. Bb2 Be6 11. d4 g4 12. dxe5 Qg7 13. exd6 Qxb2 14. Ng5
gxh3 15. Nxe6 fxe6 16. dxc7 hxg2 17. Re1 Qd4 18. Nc4 Qxd1 19. Raxd1 Ke7 20.
Ne5 Nf6 21. Ng6+ Kf7 22. Nxh8+ Rxh8 23. e5 Nd5 24. c4 Nf4 25. Rd8 Ng6 26.
Rxh8 {Black disconnected and forfeits} 1-0

[Event "ICCopen2017"]
[Site "Internet Chess Club"]
[Date "2017.03.25"]
[Round "10"]
[White "Boing777"]
[Black "searchforbobby1"]
[Result "1-0"]
[ICCResult "Black forfeits on time"]
[WhiteElo "2428"]
[BlackElo "1961"]
[Opening "Dutch defense"]
[ECO "A90"]
[NIC "HD.03"]
[Time "15:58:54"]
[TimeControl "180+0"]

1. d4 e6 2. c4 f5 3. g3 Nf6 4. Bg2 d5 5. Nh3 c6 6. O-O Bd6 7. Bf4 Be7 8. Nd2
O-O 9. Nf3 h6 10. Be5 Nbd7 11. Nf4 Nxe5 12. Nxe5 g5 13. Nfg6 Re8 14. Nxe7+
Qxe7 15. Rc1 Nd7 16. Nd3 Qg7 17. e3 Rf8 18. b4 Nf6 19. b5 Bd7 20. Nc5 b6 21.
Nxd7 Qxd7 22. bxc6 Qc7 23. cxd5 exd5 24. Qb3 Rad8 25. Qd3 Ne4 26. Rc2 Kg7
27. Rfc1 Nd6 28. Bxd5 f4 29. Bg2 Rf6 30. e4 Rf7 31. e5 Nf5 32. e6 Rxd4 33.
Qc3 Rf6 34. Bh3 Rd5 35. Bxf5 Rxf5 36. Rd1 fxg3 37. Rd7+ Kg6 38. Rxc7 gxf2+
39. Kf1 Rxe6 40. Rg7+ {Black forfeits on time} 1-0

[Event "ICCopen2017"]
[Site "Internet Chess Club"]
[Date "2017.03.25"]
[Round "10"]
[White "Natik"]
[Black "bspurt"]
[Result "1-0"]
[ICCResult "Black resigns"]
[WhiteElo "2426"]
[BlackElo "2092"]
[Opening "Queen's pawn game"]
[ECO "E20"]
[NIC "QP.07"]
[Time "15:59:57"]
[TimeControl "180+0"]

1. d4 Nf6 2. c4 e6 3. Nc3 b6 4. e4 d6 5. Bd3 Bb7 6. Nge2 Be7 7. O-O O-O 8.
h3 c5 9. d5 e5 10. Be3 Nbd7 11. Qd2 Ne8 12. g3 g6 13. f4 exf4 14. gxf4 f5
15. exf5 gxf5 16. Ng3 Ng7 17. Qc2 Qe8 18. Nxf5 Qg6+ 19. Kh2 Rxf5 20. Rg1 Ne5
21. Rxg6 Nxd3 22. Rg2 {Black resigns} 1-0

[Event "ICCopen2017"]
[Site "Internet Chess Club"]
[Date "2017.03.25"]
[Round "10"]
[White "Chigorinetz"]
[Black "Jesus"]
[Result "1-0"]
[ICCResult "Black checkmated"]
[WhiteElo "1842"]
[BlackElo "1861"]
[Opening "King's pawn opening"]
[ECO "B07"]
[NIC "VO.17"]
[Time "15:58:57"]
[TimeControl "180+0"]

1. e4 d6 2. Nc3 Nf6 3. f4 g6 4. Nf3 Bg7 5. Bc4 O-O 6. d3 c6 7. Bb3 d5 8. e5
Ne8 9. Ne2 c5 10. c3 Bg4 11. Ng3 e6 12. h3 Bxf3 13. Qxf3 Nc6 14. Bd2 Qb6 15.
h4 a5 16. h5 a4 17. Bd1 Qxb2 18. Rc1 Nc7 19. Rc2 Qb6 20. h6 Bxe5 21. fxe5
Nxe5 22. Qf6 Nxd3+ 23. Ke2 Ne8 24. Qg5 f6 25. Qe3 Ne5 26. Rf1 Qd6 27. Kf2
Nc4 28. Qe1 f5 29. Kg1 Nf6 30. Bg5 e5 31. Be2 Nb6 32. Rd2 Rae8 33. Qb1 Rf7
34. Rb2 Nc4 35. Rxb7 Qc6 36. Rxf7 Kxf7 37. Nxf5 gxf5 38. Qxf5 Re6 39. Qxh7+
Ke8 40. Qg7 Ne4 41. Rf8# {Black checkmated} 1-0

[Event "ICCopen2017"]
[Site "Internet Chess Club"]
[Date "2017.03.25"]
[Round "10"]
[White "ramezsamir"]
[Black "Brothersinarms"]
[Result "1/2-1/2"]
[ICCResult "Game drawn by repetition"]
[WhiteElo "1946"]
[BlackElo "1863"]
[Opening "Queen's pawn: Charlick (Englund) gambit"]
[ECO "A40"]
[NIC "QO.17"]
[Time "15:58:52"]
[TimeControl "180+0"]

1. d4 e5 2. dxe5 d6 3. Bf4 Nc6 4. exd6 Qf6 5. e3 Qxb2 6. Nd2 Nb4 7. Bd3 Bxd6
8. Bxd6 cxd6 9. Ne2 Nf6 10. O-O O-O 11. Rb1 Qa3 12. Nc4 Qa4 13. Nc3 Qc6 14.
Rxb4 d5 15. Qe2 Bg4 16. f3 Be6 17. Nd1 a5 18. Rb6 Qc7 19. Rxe6 dxc4 20. Bxc4
fxe6 21. Bxe6+ Kh8 22. a4 Rae8 23. Bb3 Qe5 24. e4 Nh5 25. Qf2 Nf4 26. Re1
Rf6 27. Ne3 h5 28. Kh1 Rg6 29. Bf7 Rc6 30. Bxe8 Qxe8 31. Nd5 Qf8 32. Qh4
Nxd5 33. Qxh5+ Rh6 34. Qxd5 Qf4 35. h3 Rxh3+ 36. gxh3 Qxf3+ 37. Kg1 Qg3+ 38.
Kf1 Qf3+ 39. Kg1 Qg3+ 40. Kf1 Qf3+ 41. Kg1 Qg3+ 42. Kf1 Qf3+ 43. Kg1 Qg3+
{Game drawn by repetition}
1/2-1/2

[Event "ICCopen2017"]
[Site "Internet Chess Club"]
[Date "2017.03.25"]
[Round "10"]
[White "Darnoc"]
[Black "Papasha"]
[Result "1-0"]
[ICCResult "Black checkmated"]
[WhiteElo "2905"]
[BlackElo "2496"]
[Opening "Nimzo-Indian: classical variation"]
[ECO "E32"]
[NIC "NI.20"]
[Time "15:59:59"]
[TimeControl "180+0"]

1. d4 Nf6 2. c4 e6 3. Nc3 Bb4 4. Qc2 O-O 5. a3 Bxc3+ 6. Qxc3 d6 7. Bg5 Re8
8. e3 Nbd7 9. Bd3 e5 10. Ne2 Qe7 11. O-O c5 12. Rae1 b6 13. d5 Nf8 14. Bxf6
Qxf6 15. f4 Bd7 16. Ng3 Qh6 17. f5 a6 18. Ne4 b5 19. f6 bxc4 20. Bxc4 gxf6
21. Nxf6+ Kh8 22. Nxe8 Bxe8 23. Rf3 Nd7 24. Ref1 Qg7 25. Rg3 Qf8 26. Bd3 f6
27. Bxh7 Kxh7 28. Qc2+ Kh6 29. Rh3+ Kg5 30. Qf5# {Black checkmated} 1-0

[Event "ICCopen2017"]
[Site "Internet Chess Club"]
[Date "2017.03.25"]
[Round "10"]
[White "fisherino"]
[Black "onti"]
[Result "0-1"]
[ICCResult "White checkmated"]
[WhiteElo "1601"]
[BlackElo "1360"]
[Opening "Owen defense"]
[ECO "B00"]
[NIC "VO.02"]
[Time "15:59:14"]
[TimeControl "180+0"]

1. e4 b6 2. d4 Bb7 3. Bd3 Nf6 4. Qe2 d6 5. Nf3 Nbd7 6. O-O e5 7. d5 Nc5 8.
c4 Nxd3 9. Qxd3 Be7 10. Nc3 a6 11. Bg5 Ng4 12. Bxe7 Qxe7 13. h3 Nf6 14. Ne2
Nh5 15. Nh2 Qf6 16. g3 Qe7 17. f4 O-O-O 18. fxe5 Qxe5 19. Nd4 Qxg3+ 20. Qxg3
Nxg3 21. Rxf7 Nxe4 22. Rxg7 Rdg8 23. Rxg8+ Rxg8+ 24. Kh1 Ng3+ 25. Kg2 Ne2+
26. Kf2 Nxd4 27. Ng4 Rf8+ 28. Ke3 Nc2+ 29. Kd3 Nxa1 30. Nh6 Rf3+ 31. Ke4
Rxh3 32. Nf7 Rh4+ 33. Kd3 Rh3+ 34. Ke4 Nc2 35. Ng5 Re3+ 36. Kf4 Re1 37. Nxh7
Ne3 38. Nf6 Nxc4 39. Ng4 Bxd5 40. Nf2 Rf1 41. Kg3 Rxf2 42. Kxf2 Nxb2 43. a3
Nc4 44. Ke2 Nxa3 45. Kd3 c5 46. Kc3 b5 47. Kb2 b4 48. Ka1 a5 49. Kb2 a4 50.
Ka1 Nc4 51. Kb1 a3 52. Ka1 b3 53. Kb1 Nd2+ 54. Ka1 b2# {White checkmated}
0-1

[Event "ICCopen2017"]
[Site "Internet Chess Club"]
[Date "2017.03.25"]
[Round "10"]
[White "vishweshk"]
[Black "grels"]
[Result "1-0"]
[ICCResult "Black forfeits on time"]
[WhiteElo "1699"]
[BlackElo "1719"]
[Opening "Queen's pawn: stonewall attack"]
[ECO "D00"]
[NIC "QP.08"]
[Time "15:58:21"]
[TimeControl "180+0"]

1. d4 d5 2. e3 Nf6 3. Bd3 c5 4. c3 Nc6 5. Nf3 e6 6. O-O Bd6 7. Nbd2 O-O 8.
e4 cxd4 9. cxd4 dxe4 10. Nxe4 Nxe4 11. Bxe4 Qc7 12. Bxh7+ Kxh7 13. Ng5+ Kg6
14. Qg4 Bxh2+ 15. Kh1 f5 16. Qh4 Nxd4 17. Qh7+ Kf6 18. Qh4 Kg6 19. Qh7+ Kf6
20. Qh4 Bd7 21. Be3 Rh8 22. Bxd4+ e5 23. Nh7+ Kg6 24. Qg5+ Kxh7 25. Be3 Kg8
26. g3 Bxg3+ 27. Kg2 Bf4 28. Bxf4 exf4 29. f3 Bc6 30. Rh1 Rxh1 31. Qxg7+
{Black forfeits on time}
1-0

[Event "ICCopen2017"]
[Site "Internet Chess Club"]
[Date "2017.03.25"]
[Round "10"]
[White "Ninjakiwi17"]
[Black "marjose"]
[Result "1-0"]
[ICCResult "Black checkmated"]
[WhiteElo "2103"]
[BlackElo "1754"]
[Opening "Dutch"]
[ECO "A80"]
[NIC "HD.12"]
[Time "15:58:49"]
[TimeControl "180+0"]

1. d4 f5 2. Nc3 e6 3. e4 fxe4 4. Nxe4 Nf6 5. Bg5 Be7 6. Nxf6+ Bxf6 7. Bxf6
Qxf6 8. Nf3 d6 9. Bd3 Nc6 10. Qd2 Bd7 11. O-O-O O-O-O 12. c3 Rhf8 13. Rhe1
h6 14. Kb1 g5 15. h3 Be8 16. Qe2 Bh5 17. Qxe6+ Qxe6 18. Rxe6 Bxf3 19. gxf3
Rxf3 20. Rxh6 Rxf2 21. Rg1 Re8 22. Rg6 Re3 23. Bc2 Ree2 24. Rc1 Rg2 25. Rg7
Ne7 26. b3 b6 27. Rf7 Nd5 28. Rf3 Ne3 29. Rxe3 Rxe3 30. Bf5+ Kb7 31. Bg4 c6
32. Rf1 Rd3 33. Rf7+ Ka6 34. Bc8+ Kb5 35. a4+ Ka5 36. Rxa7# {Black
checkmated} 1-0

[Event "ICCopen2017"]
[Site "Internet Chess Club"]
[Date "2017.03.25"]
[Round "10"]
[White "concrete"]
[Black "Zelos"]
[Result "0-1"]
[ICCResult "White resigns"]
[WhiteElo "2105"]
[BlackElo "2389"]
[Opening "Sicilian: Prins (Moscow) variation"]
[ECO "B55"]
[NIC "SI.01"]
[Time "15:58:44"]
[TimeControl "180+0"]

1. e4 c5 2. Nf3 d6 3. d4 cxd4 4. Nxd4 Nf6 5. f3 Nc6 6. c4 e5 7. Nc2 a5 8.
Nc3 a4 9. Be2 Be7 10. O-O O-O 11. Kh1 Qa5 12. Ne3 Be6 13. Bd2 Qa7 14. Ncd5
Bxd5 15. Nxd5 Nxd5 16. cxd5 Nd4 17. Be3 Rfc8 18. Qd2 Bd8 19. Bxd4 exd4 20.
Rfc1 h6 21. Bd3 Ba5 22. Qd1 a3 23. bxa3 Bc3 24. Rab1 Rc7 25. Rb3 Rac8 26.
Rcb1 Ba5 27. g3 g6 28. f4 Kg7 29. e5 Bc3 30. Qg4 Qa5 31. Be4 h5 32. Qg5 d3
33. Qf6+ Kh7 34. f5 Bxe5 35. fxg6+ Kh6 36. Qf3 Rc1+ 37. Kg2 Qd2+ 38. Kh3
R8c2 39. Qh1 Qg5 40. Bf3 Qf5+ 41. g4 Rxh2+ 42. Qxh2 Qxf3+ {White resigns}
0-1

[Event "ICCopen2017"]
[Site "Internet Chess Club"]
[Date "2017.03.25"]
[Round "10"]
[White "mrneale"]
[Black "anakinnn"]
[Result "1-0"]
[ICCResult "Black resigns"]
[WhiteElo "1089"]
[BlackElo "1210"]
[Opening "King's Indian: Torre attack"]
[ECO "A48"]
[NIC "QP.01"]
[Time "15:59:41"]
[TimeControl "180+0"]

1. d4 Nf6 2. Nf3 g6 3. Bg5 Bg7 4. e3 O-O 5. Bd3 d5 6. O-O Nbd7 7. Nbd2 c5 8.
c3 cxd4 9. cxd4 a6 10. Re1 h6 11. Bh4 b5 12. e4 dxe4 13. Nxe4 Nxe4 14. Bxe4
Nf6 15. Bxa8 Bg4 16. Bb7 Nh5 17. Bxe7 Qc7 18. Bxf8 Bf6 19. Bxa6 Kxf8 20.
Bxb5 Bh4 21. Rc1 Qf4 22. Nxh4 Bxd1 23. Nxg6+ fxg6 24. Rcxd1 Qb8 25. Re8+
Qxe8 26. Bxe8 Kxe8 {Black resigns} 1-0

[Event "ICCopen2017"]
[Site "Internet Chess Club"]
[Date "2017.03.25"]
[Round "10"]
[White "The7thGuest"]
[Black "majerle"]
[Result "0-1"]
[ICCResult "White checkmated"]
[WhiteElo "1756"]
[BlackElo "1657"]
[Opening "Caro-Kann: advance variation"]
[ECO "B12"]
[NIC "CK.04"]
[Time "15:58:43"]
[TimeControl "180+0"]

1. e4 c6 2. d4 d5 3. e5 Bf5 4. Nf3 e6 5. Be2 Nd7 6. O-O Ne7 7. c4 c5 8. cxd5
Nxd5 9. Nc3 N7b6 10. Bb5+ Nd7 11. Nxd5 exd5 12. dxc5 a6 13. Ba4 Be6 14. Ng5
Bxc5 15. Nxe6 fxe6 16. Qh5+ g6 17. Qh3 Qe7 18. Bg5 Qf7 19. Bf6 Rg8 20. Bxd7+
Qxd7 21. Kh1 Rc8 22. Rac1 h5 23. a3 Be7 24. Rxc8+ Qxc8 25. g3 Bxf6 26. exf6
Kf7 27. Qh4 Qc4 28. Qxc4 dxc4 29. Rc1 b5 30. a4 Kxf6 31. axb5 axb5 32. b3
Rc8 33. bxc4 Rxc4 34. Rb1 b4 35. Kg2 Ke5 36. h4 Kd4 37. Kf3 Kc3 38. Rc1+ Kd3
39. Rd1+ Kc2 40. Rd6 b3 41. Rxe6 b2 42. Rb6 b1=Q 43. Rxb1 Kxb1 44. Ke3 Kc2
45. f3 Kc3 46. f4 Kc2 47. Kf3 Kd3 48. g4 hxg4+ 49. Kxg4 Ke4 50. Kg5 Rc6 51.
Kg4 Rf6 52. Kg5 Rxf4 53. Kxg6 Rxh4 54. Kg5 Rf4 55. Kg6 Rf5 56. Kg7 Ra5 57.
Kf7 Ra6 58. Ke7 Kf5 59. Kd7 Ke5 60. Kc7 Kd5 61. Kb7 Rh6 62. Kc7 Rg6 63. Kb7
Kc5 64. Kc7 Rg7+ 65. Kd8 Kc6 66. Ke8 Kd6 67. Kf8 Ra7 68. Kg8 Ke6 69. Kh8 Kf6
70. Kg8 Rb7 71. Kh8 Kg6 72. Kg8 Rb8# {White checkmated} 0-1

[Event "ICCopen2017"]
[Site "Internet Chess Club"]
[Date "2017.03.25"]
[Round "10"]
[White "mkayem1"]
[Black "JanTheMan"]
[Result "0-1"]
[ICCResult "White forfeits on time"]
[WhiteElo "2046"]
[BlackElo "2370"]
[Opening "French: Winawer, advance variation"]
[ECO "C18"]
[NIC "FR.11"]
[Time "15:58:49"]
[TimeControl "180+0"]

1. e4 e6 2. d4 d5 3. Nc3 Bb4 4. e5 c5 5. a3 Bxc3+ 6. bxc3 Qa5 7. Bd2 Qa4 8.
Nf3 Nc6 9. Qb1 c4 10. Be2 Bd7 11. h4 O-O-O 12. h5 f6 13. Qb2 fxe5 14. dxe5
Nge7 15. Rh4 Nf5 16. Rg4 Qa5 17. Kf1 Qc7 18. Bf4 Rdf8 19. Kg1 Nh6 20. Rh4
Nf7 21. Rb1 b6 22. Re1 g5 23. hxg6 hxg6 24. Rxh8 Rxh8 25. Nd4 Ncxe5 26. Bg3
Qd8 27. Qb4 Qg5 28. Nb5 Bxb5 29. Qxb5 Qd2 30. Qb1 Qh6 31. f3 Qe3+ 32. Bf2
Qxc3 33. f4 Nc6 34. Bg4 Nfd8 35. Bxe6+ Nxe6 36. Rxe6 Kd7 37. Rxg6 Qd2
{White forfeits on time}
0-1

[Event "ICCopen2017"]
[Site "Internet Chess Club"]
[Date "2017.03.25"]
[Round "10"]
[White "Aladdin"]
[Black "PeterOsgood"]
[Result "1-0"]
[ICCResult "Black resigns"]
[WhiteElo "2271"]
[BlackElo "1794"]
[Opening "Nimzovich-Larsen attack: modern variation"]
[ECO "A01"]
[NIC "VO.08"]
[Time "15:59:41"]
[TimeControl "180+0"]

1. b3 e5 2. Bb2 d6 3. g3 g6 4. Bg2 Bg7 5. f4 Nd7 6. Nf3 Ne7 7. e4 O-O 8. d3
exf4 9. Bxg7 Kxg7 10. gxf4 f5 11. e5 dxe5 12. fxe5 Nc6 13. d4 Nb6 14. c4 Re8
15. O-O Ne7 16. Nc3 c6 17. Re1 Be6 18. Qd2 h6 19. Rad1 Qd7 20. Nh4 g5 21.
Nf3 Rad8 22. Qf2 Ng6 23. Ne2 f4 24. d5 cxd5 25. c5 Nc8 26. Ned4 Nce7 27.
Nxe6+ Qxe6 28. Nd4 Qg4 29. h3 Qh4 30. Ne6+ Kf7 31. Nxd8+ Rxd8 32. b4 Qxf2+
33. Kxf2 Ke6 34. Rd2 Nf5 35. b5 Ne3 36. Bf3 Nxe5 37. Rc1 N5c4 38. Rd3 Rc8
39. Bxd5+ Nxd5 40. Rxc4 Ke5 41. c6 bxc6 42. bxc6 Rc7 43. Rc5 Ke4 44. Rdxd5
{Black resigns}
1-0

[Event "ICCopen2017"]
[Site "Internet Chess Club"]
[Date "2017.03.25"]
[Round "10"]
[White "LionKing93"]
[Black "Kastor"]
[Result "0-1"]
[ICCResult "White resigns"]
[WhiteElo "2134"]
[BlackElo "2786"]
[Opening "Sicilian: Richter-Rauzer, 6...e6"]
[ECO "B62"]
[NIC "SI.27"]
[Time "16:00:01"]
[TimeControl "180+0"]

1. e4 c5 2. Nf3 d6 3. d4 cxd4 4. Nxd4 Nf6 5. Nc3 Nc6 6. Bg5 e6 7. f4 Qb6 8.
Nb3 Be7 9. Qe2 a6 10. O-O-O Qc7 11. g4 b5 12. a3 b4 13. axb4 Nxb4 14. Bg2
Bb7 15. Bh4 O-O 16. g5 Nd7 17. f5 Rfe8 18. Rhg1 Ne5 19. f6 Bf8 20. Be1 Rec8
21. h4 a5 22. h5 a4 23. Nd4 a3 24. bxa3 Rxa3 25. Ndb5 Qa5 26. g6 Ra1+ 27.
Kd2 Nc4+ 28. Qxc4 Rxc4 29. h6 Rxd1+ 30. Kxd1 gxf6 31. g7 Be7 32. Bf1 Rc5 33.
Bd3 Nxd3 34. cxd3 Rxb5 35. Nxb5 Qxb5 36. Ke2 Bxe4 37. Rg3 f5 38. Bd2 Bh4 39.
Rh3 Bf6 40. Rg3 e5 {White resigns} 0-1

[Event "ICCopen2017"]
[Site "Internet Chess Club"]
[Date "2017.03.25"]
[Round "10"]
[White "carpedef"]
[Black "jps7"]
[Result "1-0"]
[ICCResult "Black checkmated"]
[WhiteElo "1776"]
[BlackElo "1555"]
[Opening "French: King's Indian attack"]
[ECO "C00"]
[NIC "FR.02"]
[Time "15:58:43"]
[TimeControl "180+0"]

1. e4 e6 2. d3 d5 3. Qe2 d4 4. f4 c5 5. g3 Nc6 6. a4 e5 7. Bg2 Nf6 8. Nf3
Bd6 9. O-O O-O 10. Na3 a6 11. f5 Bd7 12. Nc4 Qc7 13. Bd2 b5 14. axb5 axb5
15. Rxa8 Rxa8 16. Nxd6 Qxd6 17. h3 h6 18. g4 b4 19. b3 Qc7 20. Ne1 Ra2 21.
h4 Rxc2 22. Nxc2 Nh7 23. g5 hxg5 24. hxg5 g6 25. Qf3 Qd8 26. fxg6 fxg6 27.
Qf7+ Kh8 28. Qxg6 Qg8 29. Qxg8+ Kxg8 30. g6 Nf8 31. Rf7 Be6 32. Rc7 Na5 33.
Rxc5 Nxb3 34. Rxe5 Nxd2 35. Nxd4 Bg4 36. Rb5 Kg7 37. Rxb4 Nxg6 38. Kf2 Nf4
39. Rb7+ Kf6 40. Bf3 Bxf3 41. Nxf3 Nxd3+ 42. Ke3 Nc4+ 43. Kxd3 Nd6 44. Rb6
Ke7 45. Rxd6 Kxd6 46. Kd4 Ke6 47. e5 Ke7 48. Kd5 Kd7 49. e6+ Ke7 50. Ke5 Ke8
51. Kd6 Kd8 52. Nd4 Ke8 53. e7 Kf7 54. Kd7 Kf6 55. e8=Q Kg5 56. Qf7 Kg4 57.
Ke6 Kg3 58. Qf3+ Kh4 59. Qg2 Kh5 60. Kf6 Kh4 61. Kf5 Kh5 62. Qg5#
{Black checkmated}
1-0

[Event "ICCopen2017"]
[Site "Internet Chess Club"]
[Date "2017.03.25"]
[Round "10"]
[White "vicmel"]
[Black "tryany1"]
[Result "1-0"]
[ICCResult "Black forfeits on time"]
[WhiteElo "1799"]
[BlackElo "1502"]
[Opening "Sicilian: Kan, 5.Bd3"]
[ECO "B42"]
[NIC "SI.42"]
[Time "15:58:57"]
[TimeControl "180+0"]

1. e4 c5 2. Nf3 e6 3. d4 cxd4 4. Nxd4 a6 5. Bd3 b5 6. O-O Bb7 7. Qe2 d6 8.
f4 Nf6 9. a3 Nc6 10. Nxc6 Bxc6 11. Nc3 Be7 12. Be3 O-O 13. Rad1 Qc7 14. Kh1
Rfd8 15. h3 Qb7 16. Bd4 Rac8 17. Rde1 Qc7 18. Qf2 e5 19. Bb6 Qb7 20. Bxd8
Bxd8 21. fxe5 dxe5 22. Qf5 Qc7 23. Nd5 Bxd5 24. exd5 Qd6 25. Qxe5 Qxe5 26.
Rxe5 Bc7 27. Ref5 Bd6 28. Rd1 Re8 29. c4 bxc4 30. Bxc4 Re4 31. b3 h6 32. a4
Re7 33. Bxa6 Ne4 34. Rf3 Ng3+ 35. Rxg3 Bxg3 36. d6 Rd7 37. Bb5 Rxd6 38. Rxd6
Bxd6 39. g4 Kf8 40. Kg2 Bb4 41. Kf3 Ke7 42. Ke4 Kd6 43. Kd4 g6 44. Bd3 g5
45. Kc4 {Black forfeits on time} 1-0

[Event "ICCopen2017"]
[Site "Internet Chess Club"]
[Date "2017.03.25"]
[Round "10"]
[White "Fight-Chess"]
[Black "magnuswizard"]
[Result "1-0"]
[ICCResult "Black forfeits on time"]
[WhiteElo "1800"]
[BlackElo "1807"]
[Opening "Ponziani: Jaenisch counter-attack"]
[ECO "C44"]
[NIC "KP.05"]
[Time "15:58:23"]
[TimeControl "180+0"]

1. e4 e5 2. Nf3 Nc6 3. c3 Nf6 4. d4 d6 5. Bb5 exd4 6. Nxd4 Bd7 7. O-O Be7 8.
Bg5 Nxd4 9. Bxd7+ Qxd7 10. Qxd4 O-O 11. Nd2 Rfe8 12. Nf3 h6 13. Bh4 Qe6 14.
Rfe1 a6 15. e5 dxe5 16. Rxe5 Qc6 17. Rae1 Bf8 18. h3 Rad8 19. Qf4 Rxe5 20.
Nxe5 Qe6 21. Re3 Nd5 22. Qe4 Re8 23. Rd3 c6 24. c4 Nb4 25. Rd8 Rxd8 26. Bxd8
f6 27. a3 Na2 28. Qb1 Qxe5 29. Qxa2 Qe1+ 30. Kh2 Bd6+ 31. g3 Qxf2+ 32. Kh1
c5 33. Qb3 Qxg3 34. Qxg3 Bxg3 35. Bb6 Bd6 36. Kg2 Kf7 37. Ba5 Ke6 38. Bc3
Kd7 39. Kf3 Kc6 40. b4 Be5 41. Bxe5 fxe5 42. Ke4 cxb4 43. axb4 Kd6 44. c5+
Kc6 45. h4 Kb5 46. Kxe5 Kxb4 47. Kd6 {Black forfeits on time} 1-0

[Event "ICCopen2017"]
[Site "Internet Chess Club"]
[Date "2017.03.25"]
[Round "10"]
[White "alekhsay"]
[Black "Simba"]
[Result "0-1"]
[ICCResult "White forfeits on time"]
[WhiteElo "902"]
[BlackElo "1025"]
[Opening "King's pawn opening"]
[ECO "B07"]
[NIC "VO.17"]
[Time "15:59:16"]
[TimeControl "180+0"]

1. e4 d6 2. d3 e6 3. g3 Be7 4. Nf3 Nf6 5. h3 O-O 6. Bg2 Ne8 7. O-O c5 8.
Nbd2 b6 9. b3 Bb7 10. Bb2 e5 11. Nc4 Nc6 12. Ne3 Bf6 13. Nd5 Be7 14. Nxe7+
Qxe7 15. Nd2 Ba6 16. f4 h6 17. fxe5 dxe5 18. Nf3 Rd8 19. Qe2 Rd6 20. b4 Rg6
21. bxc5 bxc5 22. Nxe5 Nxe5 23. Qf2 Bc8 {White forfeits on time} 0-1